 Dungeon Crawl Stone Soup version 0.29-a0-483-g69413ace17 (webtiles) character file.

Game seed: 882531934042832900

112 kyalle the Poker (level 4, -3/34 HPs)
             Began as a Merfolk Gladiator on May 24, 2022.
             Was a Believer of Nemelex Xobeh.
             Slain by an orc
             ... wielding a +0 trident
              (7 damage)
             ... on level 3 of the Dungeon on May 25, 2022.
             The game lasted 00:13:35 (2499 turns).

kyalle the Poker (Merfolk Gladiator)                Turns: 2499, Time: 00:13:38

Health: -3/34      AC:  4    Str: 16    XL:     4   Next: 95%
Magic:  4/4        EV: 13    Int:  7    God:    Nemelex Xobeh [**....]
Gold:   120        SH:  0    Dex: 15    Spells: 3/3 levels left

rFire   . . .      SeeInvis .   a - +0 trident
rCold   . . .      Faith    .   (no shield)
rNeg    . . .      Spirit   .   b - +0 leather armour
rPois   .          Reflect  .   c - +0 helmet
rElec   .          Harm     .   (no cloak)
rCorr   .          Rampage  .   (no gloves)
Will    .....                   (no boots)
Stlth   ++........              (no amulet)
HPRegen 0.11/turn               (no ring)
MPRegen 0.09/turn               (no ring)

@: brilliant
A: (nimble swimmer 2), mertail
a: Renounce Religion, Draw Escape, Draw Destruction, Draw Summoning


You were on level 3 of the Dungeon.
You worshipped Nemelex Xobeh.
Nemelex Xobeh was pleased with you.
You visited 1 branch of the dungeon, and saw 3 of its levels.

You collected 120 gold pieces.

Inventory:

Hand Weapons
 a - a +0 trident (weapon)
Missiles
 d - 3 throwing nets (quivered)
 e - a javelin
 r - 2 silver javelins
Armour
 b - a +0 leather armour (worn)
 c - a +0 helmet (worn)
 f - a +0 scale mail
 i - a +0 robe
Wands
 t - a wand of iceblast (6)
Scrolls
 g - 2 scrolls of immolation {unknown}
 h - a scroll of silence {unknown}
 j - a scroll of enchant armour {unknown}
 k - 2 scrolls of fog {unknown}
 p - 2 scrolls of enchant weapon {unknown}
 q - 2 scrolls of identify {unknown}
 s - 3 scrolls of teleportation {unknown}
Potions
 m - a potion of magic {unknown}
 o - a potion of flight {unknown}


   Skills:
 + Level 2.7 Fighting
 + Level 5.6 Polearms
 + Level 2.3 Throwing
 + Level 0.8 Armour
 + Level 4.5 Dodging
 + Level 1.5 Stealth


You had 3 spell levels left.
You didn't know any spells.
Your spell library contained the following spells:

 Spells                   Type           Power      Damage    Failure   Level
 Conjure Ball Lightning   Conj/Air       0%         3x3d6     100%        6
 Discord                  Hex            0%         N/A       100%        8
 Disjunction              Tloc           0%         N/A       100%        8


Dungeon Overview and Level Annotations

Branches:
Dungeon (3/15)

Altars:
Nemelex Xobeh
Beogh

Annotations:
D:3 turdburglar's ghost, novice KoHu


Innate Abilities, Weirdness & Mutations

((You are very nimble when in or above water. (Stealth+, EV+, Speed+++)))
Your lower body shifts to a powerful aquatic tail in water.


Message History

Press: ? - help, Dir - move target, f - turdburglar's ghost
Aim: turdburglar's ghost (about 61% to evade your +0 trident)
The orc is in the way.
You completely miss the orc.
You feel sick. The orc completely misses you. The orc barely misses you.
You hit the orc.
You kill the orc!
You feel sick. The orc closely misses you.
You hit turdburglar's ghost.
Turdburglar's ghost is lightly damaged.
You feel sick.
Turdburglar's ghost hits you but does no damage.
The orc misses you.
You hit turdburglar's ghost but do no damage.
Turdburglar's ghost is lightly damaged.
You feel sick.
Turdburglar's ghost whispers, "Everlasting silence awaits you..."
Turdburglar's ghost hits you.
The orc hits you from afar with a +0 trident.
You hit turdburglar's ghost but do no damage.
Turdburglar's ghost is lightly damaged.
You feel sick. Turdburglar's ghost barely misses you.
The orc hits you but does no damage.
You hit turdburglar's ghost.
Turdburglar's ghost is lightly damaged.
You feel sick. Turdburglar's ghost hits you.
The orc hits you from afar with a +0 trident.
* * * LOW HITPOINT WARNING * * *
It was a potion of brilliance.
You feel clever all of a sudden.
You feel sick.
You are no longer poisoned.
Turdburglar's ghost hits you but does no damage.
The orc closely misses you.
You closely miss turdburglar's ghost.
Turdburglar's ghost is lightly damaged.
Turdburglar's ghost hits you.
* * * LOW HITPOINT WARNING * * *
The orc hits you from afar with a +0 trident!
You die...
Your body disappears without a glow.

#.#...'.#.8._
$##.#...'.#...[
........#o#....#...#
###.#...#..##..#...#
...##.†#o.#8..#..<### ###
#..#..##..#.....
###..#.....8#...#####.
.####..o8########.........
.......oW@................
.###.##o##................
#. #.##.######...##### #
#..#.# #..>...... ##.#.#
#...###### .#.# #...# #
#.......# #...# #####.###
####...# # #.
#......#####.


You could see turdburglar's ghost and 3 orcs.

Vanquished Creatures
  Terence (D:2)
  An adder (D:2)
  3 worms
  A dart slug (D:1)
  4 orcs (D:3)
  7 ball pythons
  2 bats
  6 endoplasms
  6 giant cockroaches
  6 goblins
  4 hobgoblins
  A quokka (D:1)
  5 frilled lizards
  5 kobolds
  6 rats
58 creatures vanquished.

Notes
Turn   | Place    | Note
-------+----------+-------------------------------------------
     0 | D:1      | kyalle the Merfolk Gladiator began the quest for the Orb.
     0 | D:1      | Reached XP level 1. HP: 16/16 MP: 1/1
   106 | D:1      | You fall into a shaft and drop 1 floor!
   152 | D:1      | Reached XP level 2. HP: 21/22 MP: 2/2
   858 | D:1      | Reached XP level 3. HP: 22/28 MP: 3/3
  1251 | D:1      | Found a faded altar of an unknown god.
  1254 | D:1      | Prayed at the altar of an unknown god.
  1254 | D:1      | Became a worshipper of Nemelex Xobeh the Trickster
  1254 | D:1      | Reached * piety under Nemelex Xobeh
  1254 | D:1      | Received a gift from Nemelex Xobeh
  1388 | D:2      | Noticed Terence
  1402 | D:2      | Reached skill level 5 in Polearms
  1402 | D:2      | Reached skill level 1 in Stealth
  1406 | D:2      | Killed Terence
  1407 | D:2      | Reached XP level 4. HP: 14/34 MP: 4/4
  2188 | D:3      | Received a gift from Nemelex Xobeh
  2218 | D:3      | Reached ** piety under Nemelex Xobeh
  2233 | D:3      | Upgraded the game from 0.29-a0-474-gdfe5cd140f to
                  | 0.29-a0-483-g69413ace17
  2356 | D:3      | Found a runed translucent gate.
  2358 | D:3      | Found a runed translucent gate.
  2359 | D:3      | Found a runed translucent gate.
  2363 | D:3      | Noticed turdburglar's ghost (novice KoHu)
  2366 | D:3      | Identified the +4 dagger "Xotelef" {chaos, rCorr Str+4}
  2366 | D:3      | Identified the +0 scale mail of Hecato {Rampage rF+ rN+
                  | Dex-5}
  2499 | D:3      | Slain by an orc

Illustrated notes

Levels and vault maps discovered:
D:1:      dpeg_arrival_erosion, layout_basic,
          hellmonk_ecumenical_altar_heavens_door, minmay_indecisive_spiral
D:2:      minmay_diamond_boxcup, layout_loops_ring, uniq_terence
D:3:      layout_loops_cross, nzn_wu_jian_council_hall,
          biasface_ghost_orc_armoury

Skill      XL: |  1  2  3 |
---------------+----------+-----
Polearms       | 5 |  5.6
Stealth        | 1 |  1.5
Fighting       | |  2.7
Throwing       | |  2.3
Armour         | |  0.8
Dodging        | |  4.5

Action                   |  1- 3 |  4- 6 || total
-------------------------+-------+-------++-------
Melee: Trident           |   106 |    66 ||   172
       Punch             |     1 |       ||     1
  Use: Potion            |       |     3 ||     3
 Stab: Sleeping          |     4 |     1 ||     5
Armor: Leather armour    |    26 |    18 ||    44
Dodge: Dodged            |    64 |    41 ||   105

Table legend: (Time is in decaauts)
 A = Elapsed time spent in this place.
 B = Non-inter-level travel time spent in this place.
 C = Inter-level travel time spent in this place.
 D = Time resting spent in this place.
 E = Time spent auto-exploring this place.
 F = Levels seen in this place.
 G = Mean time per level.
                   A        B        C        D        E       F      G
               +--------+--------+--------+--------+--------+-----+--------+
         Total |   2507 |   2507 |      0 |    789 |    674 |   3 |  835.7 |
       Dungeon |   2507 |   2507 |      0 |    789 |    674 |   3 |  835.7 |
               +--------+--------+--------+--------+--------+-----+--------+

Top non-repeatable levels by time:
     D:1: 1328 daAuts
     D:2: 852 daAuts
     D:3: 326 daAuts
